 Dungeon Crawl Stone Soup version 0.25.1-2-g60ff931df9 (webtiles) character file.

Game seed: 16222931931568714708

183 Curus the Chopper (level 5, 0/45 HPs)
             Began as a Hill Orc Fighter on Nov 2, 2020.
             Was an Initiate of Trog.
             Succumbed to an orc priest's poison
             ... on level 4 of the Dungeon.
             The game lasted 00:13:58 (2985 turns).

Curus the Chopper (Hill Orc Fighter)                Turns: 2985, Time: 00:13:58

Health: 0/45       AC: 11    Str: 19    XL:     5   Next: 62%
Magic:  5/5        EV:  5    Int:  8    God:    Trog [......]
Gold:   251        SH:  9    Dex: 11    Spells: 4/4 levels left

rFire    . . .     SeeInvis .   a - +0 war axe
rCold    . . .     Gourm    .   c - +0 kite shield
rNeg     . . .     Faith    .   g - +0 chain mail
rPois    .         Spirit   .   m - +0 helmet
rElec    .         Reflect  .   l - +0 cloak
rCorr    .         Harm     .   (no gloves)
MR       .....                  (no boots)
Stlth    ..........             (no amulet)
HPRegen  0.15/turn              (no ring)
MPRegen  0.09/turn              (no ring)

@: mighty, lethally poisoned (0 -> -16)
A: no striking features
a: Renounce Religion, Convert to Beogh


You were on level 4 of the Dungeon.
You worshipped Trog.
Trog was noncommittal.
You were not hungry.

You visited 1 branch of the dungeon, and saw 4 of its levels.

You collected 251 gold pieces.

Inventory:

Hand Weapons
 a - a +0 war axe (weapon)
 e - a +1 hand axe of venom
Armour
 b - a +0 scale mail
 c - a +0 kite shield (worn)
 g - a +0 chain mail (worn)
 l - a +0 cloak (worn)
 m - a +0 helmet (worn)
Scrolls
 j - 2 scrolls of identify
 k - 2 scrolls of teleportation
Potions
 h - 2 potions of flight
Comestibles
 f - 9 rations
 i - 3 chunks of flesh


   Skills:
 - Level 3.6 Fighting
 + Level 7.5 Axes
 - Level 3.2 Armour
 - Level 3.2 Shields


You had 4 spell levels left.
You didn't know any spells.
Your spell library was empty.

Dungeon Overview and Level Annotations

Branches:
Dungeon (4/15)
 Temple: D:4-7

Altars:
Dithmenos
Elyvilon
Trog


Message History

You are lethally poisoned!
You feel very mighty all of a sudden.
You feel sick.
You barely miss the orc priest.
You feel sick.
The orc priest hits you but does no damage.
Your chain mail prevents you from hitting the orc priest.
You feel sick.
The orc priest invokes the aid of Beogh against you.
Pain shoots through your body!
* * * LOW HITPOINT WARNING * * *
The orc priest barely misses you.
You slash the orc priest!
The orc priest is severely wounded.
* * * LOW HITPOINT WARNING * * *
You feel very sick. You block the orc priest's attack.
Your shield prevents you from hitting the orc priest.
The orc priest threatens, "By the altar or by the axe, you will meet Beogh!"
The orc priest is severely wounded.
You die...

##+## ##...## # #
##.....## ##.# ##
##.......## !....
.####.........####o..#.#
....'รท........'.@ooZ...#
.<###.........####h..#.#
#.# ##.......## .## #.#
##.....## # #.# ##...##
#[# ##+## #.# #.#
..#######.# .......##.##


You could see a hound, 2 orc priests, an orc and a hound skeleton.

Vanquished Creatures
  Crazy Yiuf (D:3)
  Robin (D:3)
  4 adders
  An ooze (D:2)
  3 worms
  3 dart slugs
  4 leopard geckos
  An orc (D:3)
  4 ball pythons
  A giant cockroach (D:1)
  13 goblins
  8 hobgoblins
  7 jackals
  A quokka (D:3)
  A ball python skeleton (D:4)
  7 bats
  4 frilled lizards
  9 kobolds
  9 rats
82 creatures vanquished.

Notes
Turn   | Place    | Note
-------+----------+-------------------------------------------
     0 | D:1      | Curus the Hill Orc Fighter began the quest for the Orb.
     0 | D:1      | Reached XP level 1. HP: 19/19 MP: 1/1
    36 | D:1      | Reached skill level 3 in Axes
    58 | D:1      | Reached XP level 2. HP: 20/26 MP: 2/2
    76 | D:1      | Reached skill level 4 in Axes
   222 | D:1      | Reached XP level 3. HP: 31/31 MP: 3/3
   459 | D:1      | Reached skill level 5 in Axes
   984 | D:2      | Found a shadowy altar of Dithmenos.
  1029 | D:2      | Reached XP level 4. HP: 38/39 MP: 4/4
  1264 | D:2      | Reached skill level 6 in Axes
  1924 | D:3      | Noticed Robin
  1944 | D:3      | Killed Robin
  1944 | D:3      | Reached XP level 5. HP: 35/45 MP: 5/5
  2121 | D:3      | Found a white marble altar of Elyvilon.
  2313 | D:3      | Reached skill level 7 in Axes
  2547 | D:3      | Noticed a moth of wrath
  2550 | D:3      | Found a bloodstained altar of Trog.
  2582 | D:3      | Became a worshipper of Trog the Wrathful
  2756 | D:3      | Found a runed translucent door.
  2757 | D:3      | Noticed Crazy Yiuf
  2765 | D:3      | Killed Crazy Yiuf
  2984 | D:4      | HP: 1/45 [poisoned by an orc priest]
  2985 | D:4      | Succumbed to an orc priest's poison

Illustrated notes

Levels and vault maps discovered:
D:1:      shiori_arrival_elements, layout_loops_ring
D:2:      layout_basic, nicolae_dithmenos_through_a_glass_darkly
D:3:      layout_loops_cross, elyvilon_altar_5, tgw_trog, first_ration,
          eino_tiny_chamber, uniq_crazy_yiuf_cottage, uniq_robin
D:4:      layout_loops_corners, chequers_serial_rivers_large_a

Skill      XL: |  1  2  3  4  5 |
---------------+----------------+-----
Axes           | 3 4 5 6 7 |  7.5
Fighting       | |  3.6
Armour         | |  3.2
Shields        | |  3.2

Action                   |  1- 3 |  4- 6 || total
-------------------------+-------+-------++-------
Melee: War axe           |    85 |   146 ||   231
  Use: Potion            |     3 |     3 ||     6
       Scroll            |     3 |     2 ||     5
  Eat: Chunk             |       |     7 ||     7
Armor: Scale mail        |    33 |       ||    33
       Chain mail        |     6 |    70 ||    76
Dodge: Dodged            |    31 |    33 ||    64
Block: Kite shield       |    34 |    55 ||    89
